AoeStats
← HR Pinkman

Arena

508145533Analyzed
4v4 RM · 10d ago on Sep 21, 2026· 57m 51s· 8 players
Game mode
Random Map
Map size
Large (8 player)
Population
200
Speed
Normal
Resources
Standard
Victory
Conquest
Starting age
Dark Age
Ending age
Imperial Age
RankedLock teamsTeams togetherTeam positionsShared explorationLock speedFull tech treeHidden civsTurbo modeCheats
Victory
Defeat
🇨🇱 Jurchens · Chile
1880
+11
🇨🇱 Dravidians · Chile
1818
+13
🇨🇱 Bengalis · Chile
1812
+13
🇨🇱 Shu · Chile
1775
+15
🇧🇷 Ethiopians · Brazil
1802
-15
🇦🇷 Gurjaras · Argentina
1774
-14
🇵🇪 Vikings · Peru
1731
-12
🇲🇽 Mapuche · Mexico
1709
-11
APZz_
10:30 Feudal Age
11:44 Double-Bit Axe
14:03 Castle Age
13:04 Horse Collar
15:14 Bow Saw
15:20 Heavy Plow
20:36 Loom
22:32 Wheelbarrow
25:28 Forging
28:45 Hand Cart
32:56 Imperial Age
30:41 Gold Mining
30:41 Stone Mining
31:38 Town Watch
33:23 Scale Mail Armor
33:58 Iron Casting
35:08 Chemistry
34:35 Squires
34:53 Chain Mail Armor
35:08 Conscription
35:32 Torsion Engines
37:34 Blast Furnace
37:05 Plate Mail Armor
36:40 Fletching
37:12 Ballistics
37:13 Elite Shotel Warrior
38:05 Royal Heirs
43:02 Siege Engineers
43:07 Masonry
46:06 Caravan
51:08 Guilds
50:46 Halberdier
53:52 Blast Furnace
53:42 Architecture
53:08 Murder Holes
UA | NanitoCba
9:20 Feudal Age
13:22 Castle Age
12:16 Double-Bit Axe
18:10 Bow Saw
18:19 Horse Collar
24:38 Wheelbarrow
25:07 Town Watch
27:43 Hand Cart
28:09 Loom
28:15 Gold Mining
28:16 Stone Mining
31:21 Imperial Age
29:41 Scale Barding Armor
29:46 Forging
30:46 Husbandry
30:57 Bloodlines
32:03 Chain Barding Armor
33:15 Fletching
35:11 Plate Barding Armor
35:22 Iron Casting
35:30 Conscription
36:08 Heavy Camel Rider
37:19 Elite Shrivamsha Rider
38:16 Bodkin Arrow
38:21 Padded Archer Armor
39:02 Heavy Plow
38:32 Elite Skirmisher
39:13 Bracer
39:40 Ballistics
40:20 Chemistry
40:32 Leather Archer Armor
41:56 Caravan
46:55 Murder Holes
46:41 Treadmill Crane
47:52 Kshatriyas
50:25 Fortified Wall
51:16 Light Cavalry
55:32 Crop Rotation
UXKEKO
12:22 Feudal Age
16:05 Castle Age
13:59 Double-Bit Axe
13:56 Horse Collar
17:02 Bow Saw
17:47 Fletching
20:42 Bodkin Arrow
23:05 Ballistics
25:30 Heavy Plow
26:53 Wheelbarrow
27:57 Devotion
28:46 Hand Cart
30:49 Loom
34:03 Imperial Age
31:31 Gold Mining
31:31 Stone Mining
33:11 Treadmill Crane
34:15 Malon
35:46 Chemistry
35:10 Conscription
34:19 Elite Bolas Rider
35:48 Crop Rotation
35:19 Capped Ram
37:00 Masonry
37:13 Elite Kona
38:42 Gold Shaft Mining
38:42 Stone Shaft Mining
39:07 Forging
38:58 Padded Archer Armor
39:06 Elite Skirmisher
41:09 Leather Archer Armor
41:30 Iron Casting
41:56 Architecture
41:31 Siege Engineers
45:18 Ring Archer Armor
48:24 Caravan
51:37 Arrowslits
[KOF] ReKieM
9:44 Feudal Age
15:33 Castle Age
15:41 Double-Bit Axe
16:13 Fletching
18:14 Loom
18:27 Crossbowman
29:46 Bodkin Arrow
46:38 Bow Saw
51:49 Imperial Age
50:04 Scale Mail Armor
50:15 Forging
49:32 Elite Skirmisher
54:40 Town Watch
55:43 Chain Mail Armor
55:39 Forging
55:38 Man-at-Arms
56:19 Squires
56:04 Gambesons
56:05 Arson
56:29 Long Swordsman
57:19 Pikeman
HR itu
10:35 Feudal Age
10:48 Loom
14:10 Castle Age
12:43 Double-Bit Axe
12:40 Horse Collar
15:36 Bow Saw
25:04 Wheelbarrow
27:35 Hand Cart
28:41 Town Watch
33:46 Imperial Age
32:12 Fletching
32:52 Ballistics
32:33 Padded Archer Armor
32:26 Gold Mining
32:57 Heavy Plow
33:42 Thumb Ring
33:36 Bodkin Arrow
33:50 Elite Elephant Archer
34:33 Bracer
34:40 Stone Mining
36:15 Chemistry
36:17 Leather Archer Armor
36:03 Husbandry
37:28 Ring Archer Armor
36:52 Siege Elephant
39:41 Medical Corps
40:25 Conscription
44:19 Hoardings
43:56 Masonry
47:09 Caravan
51:35 Coinage
54:10 Wootz Steel
neromelnick
5:53 Loom
8:20 Feudal Age
8:58 Double-Bit Axe
11:13 Fletching
12:10 Horse Collar
23:46 Castle Age
23:08 Gold Mining
25:08 Bow Saw
26:02 Bodkin Arrow
27:16 Guard Tower
29:31 Ballistics
31:42 Heavy Plow
35:23 Squires
39:27 Wheelbarrow
40:42 Hand Cart
40:14 Town Watch
43:17 Imperial Age
40:14 Pikeman
41:56 Gold Shaft Mining
41:30 Arson
42:10 Scale Mail Armor
42:20 Forging
42:47 Forging
43:45 Chain Mail Armor
43:54 Gambesons
43:31 Man-at-Arms
44:56 Plate Mail Armor
46:00 Two-Man Saw
44:31 Long Swordsman
45:12 Two-Handed Swordsman
46:07 Champion
47:01 Stone Mining
47:48 Padded Archer Armor
47:54 Scale Barding Armor
49:34 Bracer
49:50 Leather Archer Armor
49:54 Caravan
50:39 Coinage
51:40 Chemistry
50:56 Halberdier
52:25 Banking
55:05 Ring Archer Armor
54:56 Chain Barding Armor
55:24 Masonry
56:25 Conscription
56:13 Coiled Serpent Array
57:35 Plate Barding Armor
HR Pinkman
10:46 Feudal Age
14:27 Castle Age
12:35 Double-Bit Axe
13:54 Horse Collar
16:03 Sanctity
17:22 Atonement
17:49 Redemption
18:22 Gold Mining
18:19 Loom
21:05 Gold Shaft Mining
21:04 Atonement
25:27 Fervor
26:57 Wheelbarrow
26:58 Town Watch
30:23 Hand Cart
33:55 Imperial Age
33:50 Fletching
34:00 Padded Archer Armor
35:36 Chemistry
34:32 Bodkin Arrow
35:12 Block Printing
35:34 Leather Archer Armor
35:31 Masonry
37:22 Ballistics
37:03 Bracer
38:04 Conscription
37:09 Elite Elephant Archer
38:40 Ring Archer Armor
38:41 Architecture
39:15 Bloodlines
39:06 Husbandry
43:40 Heavy Plow
45:19 Herbal Medicine
48:07 Illumination
49:14 Scale Barding Armor
49:19 Forging
48:39 Light Cavalry
50:41 Chain Barding Armor
53:37 Plate Barding Armor
55:51 Iron Casting
HR Sobek
11:10 Feudal Age
14:51 Castle Age
13:08 Double-Bit Axe
13:03 Horse Collar
16:33 Bow Saw
16:13 Light Cavalry
22:37 Wheelbarrow
22:47 Scale Barding Armor
22:58 Bloodlines
23:11 Loom
25:10 Heavy Plow
25:27 Hand Cart
29:19 Imperial Age
27:37 Town Watch
27:49 Stone Mining
27:50 Gold Mining
29:07 Siege Engineers
29:50 Fortified Wall
29:30 Heavy Rocket Cart
30:57 Thunderclap Bombs
32:24 Chemistry
32:42 Conscription
32:43 Chain Barding Armor
34:26 Masonry
35:05 Plate Barding Armor
34:43 Elite Iron Pagoda
36:06 Forging
36:31 Ballistics
37:57 Fortified Bastions
39:20 Iron Casting
40:13 Fletching
41:51 Gold Shaft Mining
41:52 Stone Shaft Mining
41:48 Crop Rotation
42:18 Two-Man Saw
43:35 Caravan
47:18 Bodkin Arrow
48:19 Husbandry
50:19 Hussar
55:10 Guard Tower
55:06 Arrowslits
55:51 Architecture
55:02 Treadmill Crane
55:17 Murder Holes
55:48 Heavy Scorpion
Connection lost

Rejoining the realm…

Still unreachable

The connection could not be restored.

Session expired

The server has moved on; the page needs a fresh start.